General information
			
			
        
        - name: doom123
 
        - type: Custom game
 
        - host: Ranger_Doom
 
        - saver: FreizasDad
 
        
map: TerenasStand 
        - players: 5
 
        - length: 24:10
 
        - speed: Fast
 - version: 1.22 W3XP
 - replay type:  Public
 
» download(89 KB)
Players
        team 1 (winner) 
              
              
FreizasDad (
pink | 140 APM | 3375 actions | 24:10)
              
 5 Death Knight 
 3 Death Coil
 2 Unholy Aura
 3 Lich 
 2 Frost Nova
 1 Dark Ritual
 2 Dreadlord 
 1 Sleep
 1 Carrion Swarm
 
                » actions 
                
                | Assign group hotkey | 33 |  | 
| Basic commands | 130 |  | 
| Build / train | 76 |  | 
| ESC pressed | 2 |  | 
| Enter build submenu | 18 |  | 
| Enter hero's abilities submenu | 11 |  | 
| Right click | 1717 |  | 
| Select / deselect | 565 |  | 
| Select group hotkey | 668 |  | 
| Use ability | 154 |  | 
                3375 total
 » units 
                
                | Acolyte | 8 |  | 
| Ghoul | 4 |  | 
| Crypt Fiend | 10 |  | 
| Obsidian Statue | 3 |  | 
| Frost Wyrm | 7 |  | 
| Meatwagon | 1 |  | 
                33 total
 » upgrades
                
                | Creature Attack | 3 |  | 
| Burrow | 1 |  | 
| Destroyer Form | 1 |  | 
| Freezing Breath | 1 |  | 
| Creature Carapace | 4 |  | 
| Ghoul Frenzy | 1 |  | 
| Web | 1 |  | 
                12 total
 » buildings
                
                | Crypt | 1 |  | 
| Graveyard | 1 |  | 
| Altar of Darkness | 1 |  | 
| Ziggurat | 7 |  | 
| Tomb of Relics | 1 |  | 
| Nerubian Tower | 1 |  | 
| Halls of the Dead | 2 |  | 
| Black Citadel | 1 |  | 
| Slaughterhouse | 1 |  | 
| Sacrificial Pit | 1 |  | 
| Boneyard | 1 |  | 
                18 total
 » build order
                00:05 Crypt
00:18 Graveyard
00:41 Altar of Darkness
00:56 Ziggurat
01:23 Tomb of Relics
02:00 Ziggurat
02:37 Nerubian Tower
04:35 Halls of the Dead
04:35 Halls of the Dead
04:46 Ziggurat
06:37 Ziggurat
08:44 Black Citadel
09:09 Slaughterhouse
09:14 Ziggurat
10:35 Sacrificial Pit
11:35 Boneyard
11:39 Ziggurat
15:32 Ziggurat
» items
                
                | Rod of Necromancy | 1 |  | 
| Potion of Healing | 1 |  | 
| Potion of Mana | 4 |  | 
| Orb of Corruption | 2 |  | 
| Scroll of Healing | 2 |  | 
| Scroll of Town Portal | 1 |  | 
                11 total
  
               team 2 (loser) 
              
              
PlE (
red | 53 APM | 1278 actions | 24:08)
              
 1 Archmage 
 1 Blizzard
 2 Blood Mage 
 1 Flame Strike
 1 Siphon Mana
 
                » actions 
                
                | Assign group hotkey | 20 |  | 
| Basic commands | 37 |  | 
| Build / train | 79 |  | 
| ESC pressed | 11 |  | 
| Enter build submenu | 37 |  | 
| Enter hero's abilities submenu | 3 |  | 
| Give item / drop item | 1 |  | 
| Right click | 484 |  | 
| Select / deselect | 397 |  | 
| Select group hotkey | 104 |  | 
| Use ability | 105 |  | 
                1278 total
 » units 
                
                | Peasant | 12 |  | 
| Mortar Team | 8 |  | 
| Sorceress | 4 |  | 
| Flying Machine | 10 |  | 
| Spell Breaker | 1 |  | 
                35 total
 » upgrades
                
                | Masonry | 3 |  | 
| Gunpowder | 3 |  | 
| Sorceress Training | 3 |  | 
| Magic Sentry | 1 |  | 
| Fragmentation Shards | 1 |  | 
| Flak Cannons | 1 |  | 
                12 total
 » buildings
                
                | Altar of Kings | 1 |  | 
| Farm | 9 |  | 
| Lumber Mill | 2 |  | 
| Scout Tower | 16 |  | 
| Arcane Tower | 2 |  | 
| Guard Tower | 11 |  | 
| Keep | 1 |  | 
| Blacksmith | 1 |  | 
| Arcane Vault | 1 |  | 
| Castle | 2 |  | 
| Workshop | 2 |  | 
| Arcane Sanctum | 1 |  | 
| Cannon Tower | 1 |  | 
                50 total
 » build order
                00:09 Altar of Kings
00:12 Farm
00:22 Lumber Mill
00:45 Scout Tower
01:16 Scout Tower
01:38 Farm
01:54 Arcane Tower
02:22 Guard Tower
03:14 Scout Tower
03:17 Keep
03:32 Farm
03:50 Guard Tower
03:50 Guard Tower
04:18 Scout Tower
04:52 Guard Tower
04:53 Farm
05:02 Scout Tower
05:35 Arcane Tower
05:37 Farm
05:48 Scout Tower
05:53 Scout Tower
06:07 Blacksmith
06:24 Scout Tower
06:28 Guard Tower
06:42 Arcane Vault
06:52 Guard Tower
06:54 Scout Tower
07:25 Guard Tower
07:25 Guard Tower
07:27 Castle
07:28 Castle
07:30 Workshop
07:47 Scout Tower
07:57 Scout Tower
08:09 Arcane Sanctum
08:39 Cannon Tower
09:44 Scout Tower
09:47 Scout Tower
10:32 Guard Tower
10:36 Guard Tower
10:54 Farm
11:30 Farm
15:42 Workshop
15:44 Farm
16:51 Farm
18:36 Lumber Mill
18:39 Scout Tower
18:40 Scout Tower
18:41 Scout Tower
20:36 Guard Tower
» items
                
                | Boots of Speed | 2 |  | 
| Staff of Sanctuary | 1 |  | 
| Scroll of Regeneration | 2 |  | 
| Scroll of Town Portal | 1 |  | 
| Potion of Healing | 1 |  | 
                7 total
  
               observersRanger_Doom, 
wisdom-trooper, 
Spell-I-Cup Chat log
          
(06:39 / All) PlE: chill out man
(07:21 / All) PlE: GOT THE FUCKER
(08:25 / All) PlE: I SAW THAT
(10:10 / All) PlE: move ur fuckin dk
(10:29 / All) PlE: not cool i gave him my tp
(20:00 / All) PlE: U CANT C ME
(22:51 / All) PlE: lol u suck
(24:00 / All) PlE: AWwwwwwwwwwwwwwwwwwww